 Seeded DCSS version 0.29.1-2-gbd0b4ee654 (webtiles) character file.

Game seed: 20221102 (custom seed)

54 Nerdsrcool the Conjurer (level 3, -6/26 HPs)
             Began as a Draconian Conjurer on Nov 2, 2022.
             Killed by nerve-wracking pain
             ... invoked by an orc priest
              (12 damage)
             ... on level 3 of the Dungeon.
             The game lasted 00:05:46 (2514 turns).

Nerdsrcool the Conjurer (Draconian Conjurer)        Turns: 2514, Time: 00:05:47

Health: -6/26      AC:  5    Str: 11    XL:     3   Next: 66%
Magic:  1/6        EV: 12    Int: 18    God:
Gold:   186        SH:  0    Dex:  9    Spells: 6/7 levels left

rFire   . . .      SeeInvis .   g - +4 hand axe (elec)
rCold   . . .      Faith    .   (no shield)
rNeg    . . .      Spirit   .   (body armour unavailable)
rPois   .          Reflect  .   (helmet restricted)
rElec   .          Harm     .   (no cloak)
rCorr   .          Rampage  .   (no gloves)
Will    .....                   (no boots)
Stlth   ++........              (no amulet)
HPRegen 0.08/turn               (no ring)
MPRegen 0.10/turn               (no ring)

@: no status effects
A: AC +5, unfitting armour, cold-blooded
a: no special abilities


You were on level 3 of the Dungeon.
You visited 1 branch of the dungeon, and saw 3 of its levels.

You collected 186 gold pieces.

Inventory:

Hand Weapons
 d - a +0 dagger
 g - a +4 hand axe of electrocution (weapon)
Missiles
 m - 2 boomerangs
Jewellery
 n - an amulet of regeneration
Scrolls
 b - a scroll of butterflies {unknown}
 i - a scroll of enchant weapon {unknown}
 j - a scroll of immolation {unknown}
Potions
 a - a potion of magic
 c - a potion of mutation {unknown}
 e - a potion of might {unknown}
 f - a potion of resistance {unknown}
 h - a potion of berserk rage {unknown}
 l - a potion of cancellation {unknown}


   Skills:
 + Level 2.3 Dodging
 + Level 2.5 Stealth
 + Level 2.5 Spellcasting
 + Level 4.3 Conjurations


You had 6 spell levels left.
You knew the following spells:

 Your Spells              Type           Power      Damage    Failure   Level
a - Magic Dart            Conj           68%        1d6       3%          1

Your spell library contained the following spells:

 Spells                   Type           Power      Damage    Failure   Level
 Searing Ray              Conj           34%        2d5       4%          2
 Dazzling Flash           Conj/Hex       20%        N/A       22%         3
 Fulminant Prism          Conj/Hex       5%         3d7       56%         4
 Iskenderun's Mystic Bla  Conj/Tloc      10%        2d4       56%         4


Dungeon Overview and Level Annotations

Branches:
Dungeon (3/15)

Altars:


Innate Abilities, Weirdness & Mutations

Your plain brown scales are hard. (AC +5)
You cannot fit into any form of body armour.
You are cold-blooded and may be slowed by cold attacks.


Message History

You hear a shout!
You hit the orc. Lightning courses through the orc!
You kill the orc!
An orc comes into view. It is wielding a +2 dagger of freezing.
An orc comes into view. It is wielding a +0 trident.
An orc comes into view. It is wielding a +0 flail.
The orc shouts!
Things that are here:
a +0 flail; a +0 scale mail The orc priest invokes the aid of Beogh against you.
Pain shoots through your body!
You hit the orc.
The orc is severely wounded.
The orc hits you with a +2 dagger of freezing.
The orc freezes you. The orc barely misses you.
The orc hits you with a +0 flail.
The orc priest calls upon Beogh to heal the orc.
The orc's wounds heal themselves!
You closely miss the orc. You hit the orc.
The orc hits you with a +2 dagger of freezing.
You feel yourself slow down. The orc freezes you.
The orc priest looks braver for a moment.
The orc closely misses you. x2
It was a potion of heal wounds.
You feel much better. The orc closely misses you. x2
The orc hits you from afar with a +0 trident.
You barely miss the orc. You hit the orc but do no damage.
You feel yourself speed up.
The orc hits you with a +2 dagger of freezing.
The orc freezes you. The orc closely misses you. x2
The orc hits you from afar with a +0 trident.
The orc closely misses you. The orc completely misses you.
You hit the orc. Lightning courses through the orc!
You kill the orc!
You barely miss the orc. The orc misses you.
The orc hits you from afar with a +0 trident!
* * * LOW HITPOINT WARNING * * *
The orc priest mumbles some strange prayers to Beogh against you.
Pain shoots through your body!
You die...

#.#..#..#.##... ...
#.#..#.......###..#
#.#..##.##........##
#.#...........#....
..............#..######
....###.......#.(......
....#
##...#.......#####
....# ##..#.##)...o....
....# #..#.###@#.))##
....# #..#.# #)o......
....# #..#.# #o.......
#.### #..#.# #........
#..#.# #.#.##.## ...#.#
#.#.# .. #.## #.#.# .
#.#'#


You could see an orc priest and 2 orcs.

Vanquished Creatures
  A worm (D:3)
  5 orcs (D:3)
  4 bats
  8 endoplasms
  2 giant cockroaches (D:3)
  3 goblins
  4 hobgoblins
  6 kobolds
  4 quokkas
  2 ball pythons
  2 frilled lizards
  2 rats
43 creatures vanquished.

Notes
Turn   | Place    | Note
-------+----------+-------------------------------------------
     0 | D:1      | Nerdsrcool the Draconian Conjurer began the quest for the
                  | Orb.
     0 | D:1      | Reached XP level 1. HP: 14/14 MP: 3/3
   580 | D:1      | Reached XP level 2. HP: 20/20 MP: 1/5
  1635 | D:2      | Reached XP level 3. HP: 26/26 MP: 3/6
  2232 | D:3      | Found a faded altar of an unknown god.
  2514 | D:3      | Killed from afar by an orc priest

Illustrated notes

Levels and vault maps discovered:
D:1:      dpeg_arrival_court, layout_rooms
D:2:      layout_basic
D:3:      layout_basic, ebering_ecumenical_altar_ruins

Skill      XL: |  1 |
---------------+----+-----
Dodging        | 2 |  2.3
Stealth        | 2 |  2.5
Spellcasting   | |  2.5
Conjurations   | |  4.3

Action                   || total
-------------------------++-------
Melee: Unarmed           ||    12
       Dagger            ||     8
       Hand axe          ||    19
       Tailslap          ||     1
 Cast: Magic Dart        ||    81
  Use: Potion            ||     1
Armor: Skin              ||     6
Dodge: Dodged            ||    32
